PITTSBURGH Penguins vs FLORIDA Panthers

Created - 5 février 2019 at 16:12

Goals
1 2 3 T
PITTSBURGH Penguins 2 0 0 2
FLORIDA Panthers 0 4 0 4
Shots
1 2 3 T
PITTSBURGH Penguins 13 11 14 38
FLORIDA Panthers 6 10 6 22

1st period

1. PITTSBURGH Penguins , Bryan Little 20 (Brooks Orpik 16, Jake Gardiner 24) at 3:59
2. PITTSBURGH Penguins , Alexander Radulov 21 (Bryan Little 23, Robert Bortuzzo 17) at 10:51

Penalties :
Matt Niskanen (FLO) for Tripping (Minor) at 4:38, Brandon Dubinsky (FLO) for Boarding (Minor) at 12:19, Dion Phaneuf (FLO) for Holding (Minor) at 18:29

2nd period

3. FLORIDA Panthers , Alec Martinez 14 (Evgenii Dadonov 33, Vincent Trocheck 44) at 1:20
4. FLORIDA Panthers , TJ Brodie 10 (Oliver Bjorkstrand 4) at 16:25
5. FLORIDA Panthers , Alexander Steen 16 (Vincent Trocheck 45) at 17:03
6. FLORIDA Panthers , Brandon Sutter 9 (TJ Brodie 24, Brock Nelson 9) at 19:30

Penalties :
Matt Niskanen (FLO) for Elbowing (Minor) at 1:41, Robert Bortuzzo (PIT) for Tripping (Minor) at 11:46, Bryan Little (PIT) for Roughing (Minor) at 14:08

3rd period

No Goal

Penalties :
Jordan Nolan (PIT) for Interference (Minor) at 7:59, Vincent Trocheck (FLO) for Hooking (Minor) at 15:02, Alec Martinez (FLO) for Delaying the game (Minor) at 18:09, Brian Boyle (PIT) for Slashing (Minor) at 18:59

Goalie Stats

Devan Dubnyk (PIT), 18 saves from 22 shots - (0,818), L, 26-12-2, 60:00 minutes
Craig Anderson (FLO), 36 saves from 38 shots - (0,947), W, 29-15-3, 60:00 minutes

Players Stats for PITTSBURGH Penguins

Player Name              G  A  P  +/- PIM S  H  SB GA TA FO     MP     PP MP  PK MP  
------------------------------------------------------------------------------------
Alexander Radulov        1  0  1  -1  0   5  1  0  0  0  0/1    17:17   6:17   0:00 
Brian Boyle              0  0  0   0  2   1  1  1  0  0  8/18   17:39   4:27   2:16 
Brooks Orpik             0  1  1   0  0   1  3  4  0  0  0/0    21:32   0:00   3:09 
Bryan Little             1  1  2  -1  2   6  1  0  0  0  16/23  15:27   4:28   0:00 
Dustin Brown             0  0  0   0  0   1  4  2  0  0  0/1    19:45   4:28   4:21 
Evgeni Malkin            0  0  0  -1  0   6  2  0  0  0  16/35  20:12   6:17   0:00 
Jake Gardiner            0  1  1   0  0   3  0  1  0  0  0/0    23:53   5:37   0:28 
Jake Guentzel            0  0  0  -1  0   5  1  0  0  0  1/1    12:55   0:00   0:00 
Jesse Puljujarvi         0  0  0  -1  0   1  0  0  0  0  0/0    11:00   0:00   0:00 
Johan Larsson            0  0  0   0  0   0  1  0  0  0  7/12   11:08   0:00   3:41 
Jordan Nolan             0  0  0   0  2   0  0  0  0  0  0/0     7:26   0:00   0:00 
Marc Staal               0  0  0  -2  0   2  2  0  0  0  0/0    20:47   5:00   2:48 
Nail Yakupov             0  0  0   0  0   0  0  0  0  0  0/0     7:40   0:00   0:13 
Nate Schmidt             0  0  0  -2  0   2  0  0  0  0  0/0    21:16   5:45   2:32 
Patrik Laine             0  0  0  -1  0   3  2  0  0  0  0/1    20:12   6:17   0:00 
Robert Bortuzzo          0  1  1   0  2   0  1  0  0  0  0/0    14:41   0:08   2:03 
Tanner Pearson           0  0  0   0  0   2  0  0  0  0  1/1    12:19   0:00   1:23 
Thomas Chabot            0  0  0   0  0   0  0  1  0  0  0/0    17:50   5:00   0:54 

Players Stats for FLORIDA Panthers

Player Name              G  A  P  +/- PIM S  H  SB GA TA FO     MP     PP MP  PK MP  
------------------------------------------------------------------------------------
Alec Martinez            1  0  1   1  2   2  1  3  0  0  0/0    23:21   2:59   5:41 
Alexander Steen          1  0  1   2  0   3  0  0  0  0  0/2    26:18   2:52   7:49 
Antoine Vermette         0  0  0   1  0   0  0  0  0  0  4/9     5:36   0:00   1:11 
Artem Anisimov           0  0  0   0  0   3  0  0  0  0  3/7    11:48   2:52   0:00 
Brandon Dubinsky         0  0  0  -1  2   0  4  0  0  0  12/22  17:03   0:00   2:44 
Brandon Sutter           1  0  1   0  0   2  0  0  0  0  7/12    8:51   0:00   0:00 
Brock Nelson             0  1  1   0  0   0  3  0  0  0  0/0     9:51   0:00   1:00 
Colton Sceviour          0  0  0   1  0   1  0  0  0  0  1/1     7:13   0:00   2:48 
Dion Phaneuf             0  0  0   0  2   0  1  0  0  0  0/0    17:05   2:59   1:25 
Evgenii Dadonov          0  1  1   2  0   4  0  0  0  0  0/1    19:37   3:05   0:00 
Jay Bouwmeester          0  0  0   1  0   1  0  0  0  0  0/0    19:54   0:00   6:37 
Matt Niskanen            0  0  0   1  4   1  2  2  0  0  0/0    24:03   2:58   3:39 
Matthew Tkachuk          0  0  0  -1  0   0  1  0  0  0  0/1    16:35   3:05   0:00 
Nick Foligno             0  0  0  -1  0   2  0  0  0  0  0/1    16:17   2:52   0:00 
Nick Holden              0  0  0   0  0   1  0  2  0  0  0/0    12:47   0:00   0:14 
Oliver Bjorkstrand       0  1  1   1  0   0  0  0  0  0  0/1     4:25   0:00   0:00 
TJ Brodie                1  1  2   1  0   1  2  3  0  0  0/0    22:46   2:58   3:54 
Vincent Trocheck         0  2  2   2  2   1  3  0  0  0  17/36  24:39   3:05   5:58 

3 Stars

1 - TJ Brodie (FLO)
2 - Craig Anderson (FLO)
3 - Alexander Steen (FLO)

Power Play

PITTSBURGH Penguins - 0 on 6 Attempt(s) - 0,00%
FLORIDA Panthers - 0 on 4 Attempt(s) - 0,00%

Penalty Kill

PITTSBURGH Penguins - 4 on 4 Attempt(s) - 100,00% - Score 0 goal in Penalty Kill
FLORIDA Panthers - 6 on 6 Attempt(s) - 100,00% - Score 0 goal in Penalty Kill

Team Stat

PITTSBURGH Penguins - Hits : 19 - Faceoff Wins : 49 - Blocked Shots : 9 - Penalty Minutes : 8
FLORIDA Panthers - Hits : 17 - Faceoff Wins : 44 - Blocked Shots : 10 - Penalty Minutes : 12

Official

Referees : Unknown
Linesman : Unknown

Game Notes

No Game Note

Finance

Level 1 -- Attendance: 5616 (88,44%) -- Ticket Income 561 600 $
Level 2 -- Attendance: 5200 (100,00%) -- Ticket Income 296 400 $
Level 3 -- Attendance: 2597 (86,57%) -- Ticket Income 83 104 $
Level 4 -- Attendance: 4380 (95,22%) -- Ticket Income 87 600 $
Luxury Box -- Attendance: 952 (92,88%) -- Ticket Income 185 640 $
Game was played at the BB-T Center.
Total Attendance: 18745 (92,91%)
Total Ticket Income: 1 214 344 $
Other Income: 473 594 $
Total Income: 1 687 938 $

PITTSBURGH Penguins

5 vs 5 Forward 
   Center                   Left Wing                Right Wing               Time % Phy DF OF 
 1 Evgeni Malkin            Jake Guentzel            Patrik Laine             33     1   2  2  
 2 Bryan Little             Jesse Puljujarvi         Alexander Radulov        30     1   2  2  
 3 Brian Boyle              Tanner Pearson           Dustin Brown             27     1   2  2  
 4 Johan Larsson            Nail Yakupov             Jordan Nolan             10     1   2  2  

5 vs 5 Defense 
   Defense                  Defense                                           Time % Phy DF OF 
 1 Brooks Orpik             Jake Gardiner                                     40     1   2  2  
 2 Marc Staal               Nate Schmidt                                      30     1   2  2  
 3 Robert Bortuzzo          Thomas Chabot                                     20     1   2  2  
 4 Brooks Orpik             Jake Gardiner                                     10     1   2  2  

PowerPlay Forward 
   Center                   Left Wing                Right Wing               Time % Phy DF OF 
 1 Evgeni Malkin            Patrik Laine             Alexander Radulov        60     1   2  2  
 2 Bryan Little             Brian Boyle              Dustin Brown             40     1   2  2  

PowerPlay Defense
   Defense                  Defense                                           Time % Phy DF OF 
 1 Nate Schmidt             Jake Gardiner                                     60     1   2  2  
 2 Marc Staal               Thomas Chabot                                     40     1   2  2  

Penalty Kill 4 Players Forward 
   Center                   Wing                     Time % Phy DF OF 
 1 Johan Larsson            Dustin Brown             60     1   2  2  
 2 Brian Boyle              Tanner Pearson           40     1   2  2  

Penalty Kill 4 Players Defense
   Defense                  Defense                  Time % Phy DF OF 
 1 Brooks Orpik             Nate Schmidt             60     1   2  2  
 2 Marc Staal               Robert Bortuzzo          40     1   2  2  

Penalty Kill - 3 Players Forward 
   Forward                                           Time % Phy DF OF 
 1 Brian Boyle                                       60     1   2  2  
 2 Bryan Little                                      40     1   2  2  

Penalty Kill - 3 Players Defense
   Defense                  Defense                  Time % Phy DF OF 
 1 Brooks Orpik             Nate Schmidt             60     1   2  2  
 2 Marc Staal               Robert Bortuzzo          40     1   2  2  

4 vs 4 Forward 
   Center                   Wing                     Time % Phy DF OF 
 1 Evgeni Malkin            Patrik Laine             60     1   2  2  
 2 Dustin Brown             Alexander Radulov        40     1   2  2  

4 vs 4 Defense
   Defense                  Defense                  Time % Phy DF OF 
 1 Brooks Orpik             Jake Gardiner            60     1   2  2  
 2 Marc Staal               Nate Schmidt             40     1   2  2  

Last Minutes Offensive
   Center                   Left Wing                Right Wing               Defense                  Defense                  
   Evgeni Malkin            Patrik Laine             Dustin Brown             Brooks Orpik             Jake Gardiner            

Last Minutes Defensive
   Center                   Left Wing                Right Wing               Defense                  Defense                  
   Evgeni Malkin            Patrik Laine             Dustin Brown             Brooks Orpik             Jake Gardiner            

Goaltenders
Starting : Devan Dubnyk             
Backup : Christopher Gibson       

Extra Forwards
Normal : Jake Guentzel, Tanner Pearson, Brian Boyle - PP : Jake Guentzel, Tanner Pearson - PK : Brian Boyle
Extra Defensemen
Normal : Robert Bortuzzo, Thomas Chabot, Marc Staal - PP : Robert Bortuzzo - PK : Thomas Chabot, Marc Staal
Penalty Shots
Evgeni Malkin, Patrik Laine, Dustin Brown, Alexander Radulov, Bryan Little

FLORIDA Panthers

5 vs 5 Forward 
   Center                   Left Wing                Right Wing               Time % Phy DF OF 
 1 Vincent Trocheck         Alexander Steen          Evgenii Dadonov          40     1   2  2  
 2 Brandon Dubinsky         Matthew Tkachuk          Nick Foligno             30     1   2  2  
 3 Brandon Sutter           Artem Anisimov           Brock Nelson             22     1   2  2  
 4 Antoine Vermette         Colton Sceviour          Oliver Bjorkstrand       8      1   2  2  

5 vs 5 Defense 
   Defense                  Defense                                           Time % Phy DF OF 
 1 Alec Martinez            Matt Niskanen                                     40     1   2  2  
 2 TJ Brodie                Jay Bouwmeester                                   30     1   2  2  
 3 Nick Holden              Dion Phaneuf                                      20     1   2  2  
 4 Matt Niskanen            TJ Brodie                                         10     1   2  2  

PowerPlay Forward 
   Center                   Left Wing                Right Wing               Time % Phy DF OF 
 1 Vincent Trocheck         Matthew Tkachuk          Evgenii Dadonov          60     1   1  3  
 2 Artem Anisimov           Alexander Steen          Nick Foligno             40     1   1  3  

PowerPlay Defense
   Defense                  Defense                                           Time % Phy DF OF 
 1 Matt Niskanen            TJ Brodie                                         60     1   1  3  
 2 Alec Martinez            Dion Phaneuf                                      40     0   1  4  

Penalty Kill 4 Players Forward 
   Center                   Wing                     Time % Phy DF OF 
 1 Vincent Trocheck         Alexander Steen          60     0   4  1  
 2 Brandon Dubinsky         Colton Sceviour          40     1   4  0  

Penalty Kill 4 Players Defense
   Defense                  Defense                  Time % Phy DF OF 
 1 Jay Bouwmeester          Matt Niskanen            60     0   5  0  
 2 TJ Brodie                Alec Martinez            40     0   5  0  

Penalty Kill - 3 Players Forward 
   Forward                                           Time % Phy DF OF 
 1 Brandon Sutter                                    60     0   5  0  
 2 Brandon Dubinsky                                  40     0   5  0  

Penalty Kill - 3 Players Defense
   Defense                  Defense                  Time % Phy DF OF 
 1 Jay Bouwmeester          Matt Niskanen            60     0   5  0  
 2 Alec Martinez            TJ Brodie                40     0   5  0  

4 vs 4 Forward 
   Center                   Wing                     Time % Phy DF OF 
 1 Brandon Dubinsky         Evgenii Dadonov          60     1   2  2  
 2 Artem Anisimov           Matthew Tkachuk          40     1   2  2  

4 vs 4 Defense
   Defense                  Defense                  Time % Phy DF OF 
 1 TJ Brodie                Matt Niskanen            60     1   2  2  
 2 Jay Bouwmeester          Alec Martinez            40     1   2  2  

Last Minutes Offensive
   Center                   Left Wing                Right Wing               Defense                  Defense                  
   Vincent Trocheck         Matthew Tkachuk          Evgenii Dadonov          TJ Brodie                Matt Niskanen            

Last Minutes Defensive
   Center                   Left Wing                Right Wing               Defense                  Defense                  
   Brandon Dubinsky         Alexander Steen          Brandon Sutter           Matt Niskanen            Jay Bouwmeester          

Goaltenders
Starting : Craig Anderson           
Backup : Darcy Kuemper            

Extra Forwards
Normal : Evgenii Dadonov, Matthew Tkachuk, Vincent Trocheck - PP : Artem Anisimov, Evgenii Dadonov - PK : Brandon Dubinsky
Extra Defensemen
Normal : Matt Niskanen, TJ Brodie, Alec Martinez - PP : TJ Brodie - PK : Alec Martinez, Matt Niskanen
Penalty Shots
Evgenii Dadonov, Vincent Trocheck, Matthew Tkachuk, Artem Anisimov, Nick Foligno


% Time on Ice - PITTSBURGH Penguins

Lines # - Real PCT - Wanted PCT - Time Play
Normal Forward
1 - 31% - 33% - 12:55
2 - 26% - 30% - 11:00
3 - 26% - 27% - 10:56
4 - 18% - 10% - 7:27
Normal Defense
1 - 39% - 40% - 16:38
2 - 31% - 30% - 12:57
3 - 28% - 20% - 11:56
4 - 2% - 10% - 0:47
PP Forward
1 - 58% - 60% - 6:17
2 - 42% - 40% - 4:28
PP Defense
1 - 53% - 60% - 5:45
2 - 47% - 40% - 5:00
PK Forward
1 - 77% - 60% - 4:34
2 - 23% - 40% - 1:23
PK Defense
1 - 40% - 60% - 2:23
2 - 60% - 40% - 3:34
PK3 Forward
1 - 0% - 60%
2 - 0% - 40%
PK3 Defense
1 - 0% - 60%
2 - 0% - 40%
44 Forward
1 - 100% - 60% - 1:00
2 - 0% - 40% - 0:00
44 Defense
1 - 97% - 60% - 0:58
2 - 3% - 40% - 0:02
Last Minute Offensive  - 0:00
Last Minute Defensive  - 0:00
Total
Forward - 60:00
Defense - 60:00

% Time on Ice - FLORIDA Panthers

Lines # - Real PCT - Wanted PCT - Time Play
Normal Forward
1 - 37% - 40% - 15:37
2 - 32% - 30% - 13:25
3 - 21% - 22% - 8:51
4 - 10% - 8% - 4:25
Normal Defense
1 - 35% - 40% - 14:42
2 - 31% - 30% - 13:06
3 - 30% - 20% - 12:33
4 - 5% - 10% - 1:57
PP Forward
1 - 52% - 60% - 3:05
2 - 48% - 40% - 2:52
PP Defense
1 - 50% - 60% - 2:58
2 - 50% - 40% - 2:59
PK Forward
1 - 74% - 60% - 7:57
2 - 26% - 40% - 2:48
PK Defense
1 - 64% - 60% - 6:51
2 - 36% - 40% - 3:54
PK3 Forward
1 - 0% - 60%
2 - 0% - 40%
PK3 Defense
1 - 0% - 60%
2 - 0% - 40%
44 Forward
1 - 92% - 60% - 0:55
2 - 8% - 40% - 0:05
44 Defense
1 - 82% - 60% - 0:49
2 - 18% - 40% - 0:11
Last Minute Offensive  - 0:00
Last Minute Defensive  - 0:00
Total
Forward - 60:00
Defense - 60:00

Play-by-Play

1st period


0:01 of 1st period - Evgeni Malkin wins face-off versus Vincent Trocheck in neutral zone.
0:01 of 1st period - Evgeni Malkin is hit by Vincent Trocheck.
0:09 of 1st period - Shot by Evgeni Malkin.
0:09 of 1st period - Stopped by Craig Anderson without a rebound.
0:10 of 1st period - Bryan Little wins face-off versus Brandon Dubinsky in FLORIDA Panthers zone.
0:49 of 1st period - Shot by Jesse Puljujarvi.
0:49 of 1st period - Deflect By Alexander Radulov.
0:49 of 1st period - Shot Misses the Net.
0:54 of 1st period - Off-side.
0:55 of 1st period - Brandon Sutter wins face-off versus Dustin Brown in neutral zone.
1:19 of 1st period - Off-side.
1:20 of 1st period - Vincent Trocheck wins face-off versus Evgeni Malkin in neutral zone.
1:47 of 1st period - Shot by Alexander Steen.
1:47 of 1st period - Shot Misses the Net.
2:13 of 1st period - Icing by Nick Holden.
2:14 of 1st period - Brian Boyle wins face-off versus Vincent Trocheck in FLORIDA Panthers zone.
2:14 of 1st period - Brian Boyle is hit by Dion Phaneuf.
2:42 of 1st period - Shot by Brian Boyle.
2:42 of 1st period - Stopped by Craig Anderson without a rebound.
2:43 of 1st period - Johan Larsson wins face-off versus Brandon Sutter in FLORIDA Panthers zone.
2:59 of 1st period - Artem Anisimov is hit by Marc Staal and loses puck.
3:12 of 1st period - Shot by Brandon Sutter.
3:12 of 1st period - Deflect By Artem Anisimov.
3:12 of 1st period - Stopped by Devan Dubnyk without a rebound.
3:13 of 1st period - Brandon Dubinsky wins face-off versus Bryan Little in PITTSBURGH Penguins zone.
3:17 of 1st period - Matthew Tkachuk is hit by Brooks Orpik and loses puck.
3:21 of 1st period - Icing by Bryan Little.
3:22 of 1st period - Bryan Little wins face-off versus Brandon Dubinsky in PITTSBURGH Penguins zone.
3:22 of 1st period - Bryan Little is hit by Brandon Dubinsky.
3:59 of 1st period - Shot by Bryan Little.
3:59 of 1st period - Goal by Bryan Little - PITTSBURGH Penguins : 1 - FLORIDA Panthers : 0.
4:00 of 1st period - Vincent Trocheck wins face-off versus Evgeni Malkin in neutral zone.
4:17 of 1st period - Shot by Patrik Laine.
4:17 of 1st period - Stopped by Craig Anderson with a rebound.
4:19 of 1st period - Shot by Jake Guentzel.
4:19 of 1st period - Shot Misses the Net.
4:21 of 1st period - Shot by Nate Schmidt.
4:21 of 1st period - Stopped by Craig Anderson without a rebound.
4:22 of 1st period - Antoine Vermette wins face-off versus Brian Boyle in FLORIDA Panthers zone.
4:22 of 1st period - Antoine Vermette is hit by Brian Boyle.
4:27 of 1st period - Off-side.
4:28 of 1st period - Vincent Trocheck wins face-off versus Brian Boyle in neutral zone.
4:38 of 1st period - Minor Penalty to Matt Niskanen for Tripping.
4:39 of 1st period - Evgeni Malkin wins face-off versus Vincent Trocheck in FLORIDA Panthers zone.
4:44 of 1st period - Shot by Nate Schmidt.
4:44 of 1st period - Stopped by Craig Anderson with a rebound.
7:10 of 1st period - Shot by Brandon Sutter.
7:10 of 1st period - Stopped by Devan Dubnyk with a rebound.
7:12 of 1st period - Shot by Artem Anisimov.
7:12 of 1st period - Stopped by Devan Dubnyk without a rebound.
7:13 of 1st period - Brandon Dubinsky wins face-off versus Brian Boyle in PITTSBURGH Penguins zone.
7:22 of 1st period - Marc Staal is hit by Brandon Dubinsky and loses puck.
7:49 of 1st period - Matthew Tkachuk is hit by Dustin Brown.
8:35 of 1st period - Shot by Evgeni Malkin.
8:35 of 1st period - Shot Misses the Net.
9:42 of 1st period - Shot by Bryan Little.
9:42 of 1st period - Stopped by Craig Anderson without a rebound.
9:43 of 1st period - Brandon Sutter wins face-off versus Johan Larsson in FLORIDA Panthers zone.
10:51 of 1st period - Shot by Bryan Little.
10:51 of 1st period - Deflect By Alexander Radulov.
10:51 of 1st period - Goal by Alexander Radulov - PITTSBURGH Penguins : 2 - FLORIDA Panthers : 0.
10:52 of 1st period - Evgeni Malkin wins face-off versus Vincent Trocheck in neutral zone.
11:05 of 1st period - Shot by Evgenii Dadonov.
11:05 of 1st period - Stopped by Devan Dubnyk without a rebound.
11:06 of 1st period - Brandon Dubinsky wins face-off versus Brian Boyle in PITTSBURGH Penguins zone.
11:25 of 1st period - Shot by Tanner Pearson.
11:25 of 1st period - Stopped by Craig Anderson without a rebound.
11:26 of 1st period - Evgeni Malkin wins face-off versus Alexander Steen in FLORIDA Panthers zone.
11:31 of 1st period - Shot by Jake Guentzel.
11:31 of 1st period - Stopped by Craig Anderson without a rebound.
11:32 of 1st period - Evgeni Malkin wins face-off versus Evgenii Dadonov in FLORIDA Panthers zone.
11:36 of 1st period - Icing by Alec Martinez.
11:37 of 1st period - Evgeni Malkin wins face-off versus Vincent Trocheck in FLORIDA Panthers zone.
11:37 of 1st period - Evgeni Malkin is hit by Alec Martinez.
12:15 of 1st period - Shot by Vincent Trocheck.
12:15 of 1st period - Deflect By Evgenii Dadonov.
12:15 of 1st period - Stopped by Devan Dubnyk without a rebound.
12:16 of 1st period - Bryan Little wins face-off versus Brandon Dubinsky in PITTSBURGH Penguins zone.
12:16 of 1st period - Bryan Little is hit by Brandon Dubinsky.
12:19 of 1st period - Minor Penalty to Brandon Dubinsky for Boarding.
12:20 of 1st period - Bryan Little wins face-off versus Vincent Trocheck in FLORIDA Panthers zone.
15:09 of 1st period - Icing by Jake Gardiner.
15:10 of 1st period - Johan Larsson wins face-off versus Antoine Vermette in PITTSBURGH Penguins zone.
15:20 of 1st period - Icing by TJ Brodie.
15:21 of 1st period - Colton Sceviour wins face-off versus Bryan Little in FLORIDA Panthers zone.
15:56 of 1st period - Shot by Alexander Radulov.
15:56 of 1st period - Shot Misses the Net.
16:26 of 1st period - Shot by Jake Guentzel.
16:26 of 1st period - Shot Misses the Net.
16:46 of 1st period - Shot by Patrik Laine.
16:46 of 1st period - Shot Blocked by TJ Brodie.
16:48 of 1st period - Shot by Robert Bortuzzo.
16:48 of 1st period - Shot Blocked by TJ Brodie.
16:50 of 1st period - Shot by Jake Guentzel.
16:50 of 1st period - Stopped by Craig Anderson without a rebound.
16:51 of 1st period - Vincent Trocheck wins face-off versus Brian Boyle in FLORIDA Panthers zone.
16:56 of 1st period - Shot by Alexander Steen.
16:56 of 1st period - Deflect By Vincent Trocheck.
16:56 of 1st period - Stopped by Devan Dubnyk with a rebound.
16:58 of 1st period - Shot by Alec Martinez.
16:58 of 1st period - Shot Blocked by Dustin Brown.
17:00 of 1st period - Shot by Matt Niskanen.
17:00 of 1st period - Shot Blocked by Jake Gardiner.
17:02 of 1st period - Shot by Alec Martinez.
17:02 of 1st period - Shot Misses the Net.
17:18 of 1st period - Shot by Tanner Pearson.
17:18 of 1st period - Deflect By Brian Boyle.
17:18 of 1st period - Shot Misses the Net.
18:25 of 1st period - Matthew Tkachuk is hit by Patrik Laine and loses puck.
18:29 of 1st period - Minor Penalty to Dion Phaneuf for Holding.
18:30 of 1st period - Vincent Trocheck wins face-off versus Evgeni Malkin in FLORIDA Panthers zone.
18:30 of 1st period - Vincent Trocheck is hit by Evgeni Malkin.
18:44 of 1st period - Shot by Alexander Radulov.
18:44 of 1st period - Stopped by Craig Anderson without a rebound.
18:45 of 1st period - Evgeni Malkin wins face-off versus Vincent Trocheck in FLORIDA Panthers zone.
18:56 of 1st period - Shot by Patrik Laine.
18:56 of 1st period - Shot Misses the Net.
18:58 of 1st period - Shot by Thomas Chabot.
18:58 of 1st period - Deflect By Evgeni Malkin.
18:58 of 1st period - Stopped by Craig Anderson without a rebound.
18:59 of 1st period - Brandon Dubinsky wins face-off versus Alexander Radulov in FLORIDA Panthers zone.
19:16 of 1st period - Shot by Evgeni Malkin.
19:16 of 1st period - Shot Misses the Net.
19:51 of 1st period - Off-side.
19:52 of 1st period - Bryan Little wins face-off versus Brandon Dubinsky in neutral zone.
Goals for this period are 2 for PITTSBURGH Penguins vs 0 for FLORIDA Panthers.
Shots for this period are 13 for PITTSBURGH Penguins vs 6 for FLORIDA Panthers.
0:00 of 2nd period - Icing by Nate Schmidt.

2nd period


0:01 of 2nd period - Vincent Trocheck wins face-off versus Evgeni Malkin in neutral zone.
0:20 of 2nd period - Shot by Nate Schmidt.
0:20 of 2nd period - Shot Misses the Net.
0:22 of 2nd period - Shot by Nate Schmidt.
0:22 of 2nd period - Deflect By Patrik Laine.
0:22 of 2nd period - Stopped by Craig Anderson without a rebound.
0:23 of 2nd period - Vincent Trocheck wins face-off versus Bryan Little in FLORIDA Panthers zone.
0:23 of 2nd period - Vincent Trocheck is hit by Dustin Brown.
1:02 of 2nd period - Off-side.
1:03 of 2nd period - Vincent Trocheck wins face-off versus Bryan Little in neutral zone.
1:20 of 2nd period - Shot by Alec Martinez.
1:20 of 2nd period - Goal by Alec Martinez - PITTSBURGH Penguins : 2 - FLORIDA Panthers : 1.
1:21 of 2nd period - Brandon Sutter wins face-off versus Evgeni Malkin in neutral zone.
1:37 of 2nd period - Shot by Patrik Laine.
1:37 of 2nd period - Shot Misses the Net.
1:39 of 2nd period - Shot by Jake Gardiner.
1:39 of 2nd period - Stopped by Craig Anderson without a rebound.
1:40 of 2nd period - Bryan Little wins face-off versus Vincent Trocheck in FLORIDA Panthers zone.
1:40 of 2nd period - Marc Staal is hit by Matt Niskanen and loses puck.
1:41 of 2nd period - Minor Penalty to Matt Niskanen for Elbowing.
1:42 of 2nd period - Vincent Trocheck wins face-off versus Evgeni Malkin in FLORIDA Panthers zone.
1:42 of 2nd period - Vincent Trocheck is hit by Evgeni Malkin.
2:12 of 2nd period - Shot by Patrik Laine.
2:12 of 2nd period - Deflect By Evgeni Malkin.
2:12 of 2nd period - Stopped by Craig Anderson without a rebound.
2:13 of 2nd period - Bryan Little wins face-off versus Alexander Steen in FLORIDA Panthers zone.
2:18 of 2nd period - Shot by Dustin Brown.
2:18 of 2nd period - Stopped by Craig Anderson without a rebound.
2:19 of 2nd period - Bryan Little wins face-off versus Vincent Trocheck in FLORIDA Panthers zone.
2:41 of 2nd period - Shot by Marc Staal.
2:41 of 2nd period - Stopped by Craig Anderson without a rebound.
2:42 of 2nd period - Brandon Dubinsky wins face-off versus Evgeni Malkin in FLORIDA Panthers zone.
2:57 of 2nd period - Shot by Patrik Laine.
2:57 of 2nd period - Deflect By Alexander Radulov.
2:57 of 2nd period - Shot Misses the Net.
2:59 of 2nd period - Shot by Alexander Radulov.
2:59 of 2nd period - Shot Misses the Net.
3:01 of 2nd period - Shot by Jake Gardiner.
3:01 of 2nd period - Stopped by Craig Anderson with a rebound.
3:03 of 2nd period - Shot by Nate Schmidt.
3:03 of 2nd period - Shot Misses the Net.
4:10 of 2nd period - Shot by Brandon Sutter.
4:10 of 2nd period - Shot Misses the Net.
4:12 of 2nd period - Shot by Brock Nelson.
4:12 of 2nd period - Shot Misses the Net.
4:41 of 2nd period - Nail Yakupov is hit by Vincent Trocheck and loses puck.
4:50 of 2nd period - Shot by Alexander Steen.
4:50 of 2nd period - Stopped by Devan Dubnyk with a rebound.
4:52 of 2nd period - Shot by Nick Holden.
4:52 of 2nd period - Stopped by Devan Dubnyk without a rebound.
4:53 of 2nd period - Brian Boyle wins face-off versus Brandon Dubinsky in PITTSBURGH Penguins zone.
4:53 of 2nd period - Brian Boyle is hit by Brandon Dubinsky.
5:03 of 2nd period - Shot by Brandon Dubinsky.
5:03 of 2nd period - Shot Misses the Net.
5:15 of 2nd period - Shot by Tanner Pearson.
5:15 of 2nd period - Stopped by Craig Anderson with a rebound.
5:23 of 2nd period - Jake Gardiner is hit by Matthew Tkachuk and loses puck.
5:31 of 2nd period - Nick Foligno is hit by Brooks Orpik and loses puck.
5:49 of 2nd period - Shot by Alexander Steen.
5:49 of 2nd period - Shot Blocked by Brian Boyle.
6:09 of 2nd period - Shot by Jake Guentzel.
6:09 of 2nd period - Stopped by Craig Anderson with a rebound.
7:10 of 2nd period - Shot by Jesse Puljujarvi.
7:10 of 2nd period - Shot Misses the Net.
7:31 of 2nd period - Icing by Jake Gardiner.
7:32 of 2nd period - Johan Larsson wins face-off versus Brandon Dubinsky in PITTSBURGH Penguins zone.
7:55 of 2nd period - Shot by Johan Larsson.
7:55 of 2nd period - Shot Hit the Post.
8:15 of 2nd period - Shot by Nick Foligno.
8:15 of 2nd period - Stopped by Devan Dubnyk without a rebound.
8:16 of 2nd period - Bryan Little wins face-off versus Brandon Sutter in PITTSBURGH Penguins zone.
8:16 of 2nd period - Nate Schmidt is hit by Brock Nelson and loses puck.
8:42 of 2nd period - Bryan Little is hit by Brock Nelson and loses puck.
8:56 of 2nd period - Off-side.
8:57 of 2nd period - Evgeni Malkin wins face-off versus Antoine Vermette in neutral zone.
9:04 of 2nd period - Shot by Jake Guentzel.
9:04 of 2nd period - Stopped by Craig Anderson without a rebound.
9:05 of 2nd period - Brandon Dubinsky wins face-off versus Evgeni Malkin in FLORIDA Panthers zone.
9:05 of 2nd period - Brandon Dubinsky is hit by Jake Guentzel.
9:14 of 2nd period - Shot by Patrik Laine.
9:14 of 2nd period - Stopped by Craig Anderson without a rebound.
9:15 of 2nd period - Brian Boyle wins face-off versus Nick Foligno in FLORIDA Panthers zone.
10:25 of 2nd period - Off-side.
10:26 of 2nd period - Brandon Sutter wins face-off versus Evgeni Malkin in neutral zone.
10:38 of 2nd period - Icing by Nate Schmidt.
10:39 of 2nd period - Evgeni Malkin wins face-off versus Vincent Trocheck in PITTSBURGH Penguins zone.
11:46 of 2nd period - Minor Penalty to Robert Bortuzzo for Tripping.
11:47 of 2nd period - Johan Larsson wins face-off versus Artem Anisimov in PITTSBURGH Penguins zone.
12:16 of 2nd period - Shot by Alec Martinez.
12:16 of 2nd period - Stopped by Devan Dubnyk without a rebound.
12:17 of 2nd period - Johan Larsson wins face-off versus Vincent Trocheck in PITTSBURGH Penguins zone.
13:41 of 2nd period - Icing by Alec Martinez.
13:42 of 2nd period - Brian Boyle wins face-off versus Artem Anisimov in FLORIDA Panthers zone.
14:08 of 2nd period - Minor Penalty to Bryan Little for Roughing.
14:09 of 2nd period - Johan Larsson wins face-off versus Artem Anisimov in PITTSBURGH Penguins zone.
14:43 of 2nd period - Icing by Dion Phaneuf.
14:44 of 2nd period - Brian Boyle wins face-off versus Artem Anisimov in FLORIDA Panthers zone.
16:25 of 2nd period - Shot by TJ Brodie.
16:25 of 2nd period - Goal by TJ Brodie - PITTSBURGH Penguins : 2 - FLORIDA Panthers : 2.
16:26 of 2nd period - Evgeni Malkin wins face-off versus Brandon Sutter in neutral zone.
16:26 of 2nd period - Jake Guentzel is hit by Brock Nelson and loses puck.
16:57 of 2nd period - Shot by Artem Anisimov.
16:57 of 2nd period - Stopped by Devan Dubnyk without a rebound.
16:58 of 2nd period - Vincent Trocheck wins face-off versus Bryan Little in PITTSBURGH Penguins zone.
16:59 of 2nd period - Shot by Alexander Steen.
16:59 of 2nd period - Shot Misses the Net.
17:03 of 2nd period - Shot by Alexander Steen.
17:03 of 2nd period - Goal by Alexander Steen - PITTSBURGH Penguins : 2 - FLORIDA Panthers : 3.
17:04 of 2nd period - Vincent Trocheck wins face-off versus Bryan Little in neutral zone.
17:22 of 2nd period - Shot by Alexander Radulov.
17:22 of 2nd period - Stopped by Craig Anderson without a rebound.
17:23 of 2nd period - Brandon Dubinsky wins face-off versus Evgeni Malkin in FLORIDA Panthers zone.
17:50 of 2nd period - Shot by Patrik Laine.
17:50 of 2nd period - Shot Misses the Net.
17:52 of 2nd period - Shot by Jake Guentzel.
17:52 of 2nd period - Shot Blocked by Nick Holden.
18:57 of 2nd period - Shot by Evgenii Dadonov.
18:57 of 2nd period - Stopped by Devan Dubnyk without a rebound.
18:58 of 2nd period - Brandon Sutter wins face-off versus Brian Boyle in PITTSBURGH Penguins zone.
19:07 of 2nd period - Shot by Tanner Pearson.
19:07 of 2nd period - Deflect By Brian Boyle.
19:07 of 2nd period - Shot Blocked by TJ Brodie.
19:12 of 2nd period - Icing by Artem Anisimov.
19:13 of 2nd period - Artem Anisimov wins face-off versus Evgeni Malkin in FLORIDA Panthers zone.
19:24 of 2nd period - Shot by Brock Nelson.
19:24 of 2nd period - Shot Misses the Net.
19:26 of 2nd period - Shot by Brandon Sutter.
19:26 of 2nd period - Shot Blocked by Brooks Orpik.
19:28 of 2nd period - Shot by TJ Brodie.
19:28 of 2nd period - Shot Blocked by Brooks Orpik.
19:30 of 2nd period - Shot by Brandon Sutter.
19:30 of 2nd period - Goal by Brandon Sutter - PITTSBURGH Penguins : 2 - FLORIDA Panthers : 4.
19:31 of 2nd period - Vincent Trocheck wins face-off versus Brian Boyle in neutral zone.
19:55 of 2nd period - Shot by Dustin Brown.
19:55 of 2nd period - Shot Misses the Net.
Goals for this period are 0 for PITTSBURGH Penguins vs 4 for FLORIDA Panthers.
Shots for this period are 11 for PITTSBURGH Penguins vs 10 for FLORIDA Panthers.

3rd period


0:01 of 3rd period - Bryan Little wins face-off versus Vincent Trocheck in neutral zone.
0:22 of 3rd period - Shot by Alexander Radulov.
0:22 of 3rd period - Shot Blocked by Alec Martinez.
1:07 of 3rd period - Off-side.
1:08 of 3rd period - Tanner Pearson wins face-off versus Brandon Dubinsky in neutral zone.
1:14 of 3rd period - Nick Foligno is hit by Robert Bortuzzo and loses puck.
1:47 of 3rd period - Shot by Brandon Dubinsky.
1:47 of 3rd period - Shot Blocked by Thomas Chabot.
1:50 of 3rd period - Icing by Brian Boyle.
1:51 of 3rd period - Brian Boyle wins face-off versus Brandon Sutter in PITTSBURGH Penguins zone.
2:13 of 3rd period - Shot by Evgeni Malkin.
2:13 of 3rd period - Shot Misses the Net.
2:15 of 3rd period - Shot by Brooks Orpik.
2:15 of 3rd period - Stopped by Craig Anderson without a rebound.
2:16 of 3rd period - Bryan Little wins face-off versus Antoine Vermette in FLORIDA Panthers zone.
2:17 of 3rd period - Shot by Alexander Radulov.
2:17 of 3rd period - Deflect By Bryan Little.
2:17 of 3rd period - Stopped by Craig Anderson without a rebound.
2:18 of 3rd period - Evgeni Malkin wins face-off versus Vincent Trocheck in FLORIDA Panthers zone.
2:25 of 3rd period - Shot by Evgeni Malkin.
2:25 of 3rd period - Shot Blocked by Alec Martinez.
2:27 of 3rd period - Shot by Patrik Laine.
2:27 of 3rd period - Shot Blocked by Alec Martinez.
2:29 of 3rd period - Shot by Jake Guentzel.
2:29 of 3rd period - Stopped by Craig Anderson without a rebound.
2:30 of 3rd period - Bryan Little wins face-off versus Matthew Tkachuk in FLORIDA Panthers zone.
2:30 of 3rd period - Alexander Radulov is hit by TJ Brodie.
2:32 of 3rd period - Shot by Bryan Little.
2:32 of 3rd period - Shot Misses the Net.
2:50 of 3rd period - Shot by Alexander Radulov.
2:50 of 3rd period - Stopped by Craig Anderson with a rebound.
2:55 of 3rd period - Off-side.
2:56 of 3rd period - Jake Guentzel wins face-off versus Vincent Trocheck in neutral zone.
3:34 of 3rd period - Shot by Patrik Laine.
3:34 of 3rd period - Shot Misses the Net.
3:59 of 3rd period - Off-side.
4:00 of 3rd period - Bryan Little wins face-off versus Brandon Dubinsky in neutral zone.
4:11 of 3rd period - Shot by Alexander Radulov.
4:11 of 3rd period - Stopped by Craig Anderson with a rebound.
4:17 of 3rd period - Shot by Alexander Radulov.
4:17 of 3rd period - Deflect By Bryan Little.
4:17 of 3rd period - Stopped by Craig Anderson with a rebound.
4:19 of 3rd period - Shot by Jesse Puljujarvi.
4:19 of 3rd period - Stopped by Craig Anderson with a rebound.
4:25 of 3rd period - Shot by Bryan Little.
4:25 of 3rd period - Stopped by Craig Anderson without a rebound.
4:26 of 3rd period - Brandon Sutter wins face-off versus Brian Boyle in FLORIDA Panthers zone.
5:01 of 3rd period - Icing by Thomas Chabot.
5:02 of 3rd period - Brian Boyle wins face-off versus Vincent Trocheck in PITTSBURGH Penguins zone.
6:37 of 3rd period - Matthew Tkachuk is hit by Brooks Orpik and loses puck.
6:40 of 3rd period - Shot by Jay Bouwmeester.
6:40 of 3rd period - Stopped by Devan Dubnyk without a rebound.
6:41 of 3rd period - Brandon Sutter wins face-off versus Evgeni Malkin in PITTSBURGH Penguins zone.
6:51 of 3rd period - Brock Nelson is hit by Marc Staal and loses puck.
6:55 of 3rd period - Icing by Marc Staal.
6:56 of 3rd period - Evgeni Malkin wins face-off versus Antoine Vermette in PITTSBURGH Penguins zone.
7:15 of 3rd period - Shot by Evgeni Malkin.
7:15 of 3rd period - Stopped by Craig Anderson without a rebound.
7:16 of 3rd period - Johan Larsson wins face-off versus Vincent Trocheck in FLORIDA Panthers zone.
7:17 of 3rd period - Shot by Jake Gardiner.
7:17 of 3rd period - Shot Blocked by Matt Niskanen.
7:59 of 3rd period - Minor Penalty to Jordan Nolan for Interference.
8:00 of 3rd period - Artem Anisimov wins face-off versus Johan Larsson in PITTSBURGH Penguins zone.
8:17 of 3rd period - Shot by Nick Foligno.
8:17 of 3rd period - Stopped by Devan Dubnyk without a rebound.
8:18 of 3rd period - Brian Boyle wins face-off versus Vincent Trocheck in PITTSBURGH Penguins zone.
8:36 of 3rd period - Icing by Dion Phaneuf.
8:37 of 3rd period - Vincent Trocheck wins face-off versus Johan Larsson in FLORIDA Panthers zone.
8:37 of 3rd period - Vincent Trocheck is hit by Johan Larsson.
8:40 of 3rd period - Icing by Matthew Tkachuk.
8:41 of 3rd period - Vincent Trocheck wins face-off versus Johan Larsson in FLORIDA Panthers zone.
9:14 of 3rd period - Shot by Matthew Tkachuk.
9:14 of 3rd period - Shot Misses the Net.
9:16 of 3rd period - Shot by Dion Phaneuf.
9:16 of 3rd period - Shot Blocked by Dustin Brown.
9:32 of 3rd period - Shot by Alexander Steen.
9:32 of 3rd period - Stopped by Devan Dubnyk with a rebound.
9:34 of 3rd period - Shot by Matt Niskanen.
9:34 of 3rd period - Stopped by Devan Dubnyk without a rebound.
9:35 of 3rd period - Artem Anisimov wins face-off versus Johan Larsson in PITTSBURGH Penguins zone.
9:46 of 3rd period - Shot by TJ Brodie.
9:46 of 3rd period - Shot Misses the Net.
9:48 of 3rd period - Shot by Nick Foligno.
9:48 of 3rd period - Shot Blocked by Brooks Orpik.
10:06 of 3rd period - Shot by Colton Sceviour.
10:06 of 3rd period - Stopped by Devan Dubnyk without a rebound.
10:07 of 3rd period - Evgeni Malkin wins face-off versus Oliver Bjorkstrand in PITTSBURGH Penguins zone.
10:17 of 3rd period - Shot by Evgeni Malkin.
10:17 of 3rd period - Stopped by Craig Anderson without a rebound.
10:18 of 3rd period - Vincent Trocheck wins face-off versus Bryan Little in FLORIDA Panthers zone.
10:18 of 3rd period - Evgenii Dadonov is hit by Bryan Little and loses puck.
10:25 of 3rd period - Alexander Radulov is hit by Vincent Trocheck and loses puck.
11:49 of 3rd period - Shot by Brandon Dubinsky.
11:49 of 3rd period - Shot Blocked by Brooks Orpik.
12:16 of 3rd period - Patrik Laine is hit by TJ Brodie.
12:33 of 3rd period - Icing by Matthew Tkachuk.
12:34 of 3rd period - Brandon Dubinsky wins face-off versus Brian Boyle in FLORIDA Panthers zone.
12:34 of 3rd period - Brandon Dubinsky is hit by Dustin Brown.
12:37 of 3rd period - Icing by Nick Foligno.
12:38 of 3rd period - Brandon Dubinsky wins face-off versus Brian Boyle in FLORIDA Panthers zone.
12:38 of 3rd period - Brandon Dubinsky is hit by Dustin Brown.
13:38 of 3rd period - Shot by Johan Larsson.
13:38 of 3rd period - Shot Blocked by Matt Niskanen.
14:09 of 3rd period - Off-side.
14:10 of 3rd period - Evgeni Malkin wins face-off versus Brandon Sutter in neutral zone.
14:50 of 3rd period - Icing by Evgeni Malkin.
14:51 of 3rd period - Antoine Vermette wins face-off versus Evgeni Malkin in PITTSBURGH Penguins zone.
14:55 of 3rd period - Icing by Marc Staal.
14:56 of 3rd period - Vincent Trocheck wins face-off versus Evgeni Malkin in PITTSBURGH Penguins zone.
15:02 of 3rd period - Minor Penalty to Vincent Trocheck for Hooking.
15:03 of 3rd period - Bryan Little wins face-off versus Antoine Vermette in FLORIDA Panthers zone.
15:06 of 3rd period - Shot by Bryan Little.
15:06 of 3rd period - Stopped by Craig Anderson without a rebound.
15:07 of 3rd period - Bryan Little wins face-off versus Brandon Dubinsky in FLORIDA Panthers zone.
15:46 of 3rd period - Shot by Bryan Little.
15:46 of 3rd period - Shot Misses the Net.
16:10 of 3rd period - Off-side.
16:11 of 3rd period - Antoine Vermette wins face-off versus Evgeni Malkin in neutral zone.
16:22 of 3rd period - Shot by Marc Staal.
16:22 of 3rd period - Stopped by Craig Anderson without a rebound.
16:23 of 3rd period - Antoine Vermette wins face-off versus Evgeni Malkin in FLORIDA Panthers zone.
16:23 of 3rd period - Antoine Vermette is hit by Alexander Radulov.
17:41 of 3rd period - Shot by Nail Yakupov.
17:41 of 3rd period - Shot Blocked by Nick Holden.
18:00 of 3rd period - Tanner Pearson is hit by Matt Niskanen.
18:09 of 3rd period - Minor Penalty to Alec Martinez for Delaying the game.
18:10 of 3rd period - Evgeni Malkin wins face-off versus Vincent Trocheck in FLORIDA Panthers zone.
18:13 of 3rd period - Shot by Evgeni Malkin.
18:13 of 3rd period - Stopped by Craig Anderson without a rebound.
18:14 of 3rd period - Vincent Trocheck wins face-off versus Patrik Laine in FLORIDA Panthers zone.
18:25 of 3rd period - Shot by Jake Gardiner.
18:25 of 3rd period - Stopped by Craig Anderson without a rebound.
18:26 of 3rd period - Bryan Little wins face-off versus Vincent Trocheck in FLORIDA Panthers zone.
18:59 of 3rd period - Minor Penalty to Brian Boyle for Slashing.
19:00 of 3rd period - Evgeni Malkin wins face-off versus Brandon Dubinsky in PITTSBURGH Penguins zone.
19:02 of 3rd period - Icing by Brooks Orpik.
19:03 of 3rd period - Brandon Dubinsky wins face-off versus Evgeni Malkin in PITTSBURGH Penguins zone.
19:22 of 3rd period - Shot by Evgeni Malkin.
19:22 of 3rd period - Shot Misses the Net.
19:32 of 3rd period - Matt Niskanen is hit by Patrik Laine.
19:53 of 3rd period - Icing by Evgeni Malkin.
19:54 of 3rd period - Brandon Dubinsky wins face-off versus Evgeni Malkin in PITTSBURGH Penguins zone.
19:57 of 3rd period - Shot by Evgenii Dadonov.
19:57 of 3rd period - Stopped by Devan Dubnyk without a rebound.
19:58 of 3rd period - Brandon Dubinsky wins face-off versus Evgeni Malkin in PITTSBURGH Penguins zone.
Goals for this period are 0 for PITTSBURGH Penguins vs 0 for FLORIDA Panthers.
Shots for this period are 14 for PITTSBURGH Penguins vs 6 for FLORIDA Panthers.